 Dungeon Crawl Stone Soup version 0.28-a0-556-gab23d0e057 (webtiles) character file.

Game seed: 3264828397491485447

41 Atlas the Digger (level 3, 10/26 HPs)
             Began as a Demigod Earth Elementalist on Sept 29, 2021.
             Quit the game on level 2 of the Dungeon.
             The game lasted 00:02:20 (1581 turns).

Atlas the Digger (Demigod Earth Elementalist)       Turns: 1581, Time: 00:02:21

Health: 10/26      AC:  4    Str:  9    XL:     3   Next: 16%
Magic:  4/9        EV: 15    Int: 21    God:
Gold:   42         SH:  0    Dex: 14    Spells: 0/6 levels left

rFire   . . .      SeeInvis .   (no weapon)
rCold   . . .      Faith    .   (no shield)
rNeg    . . .      Spirit   .   e - +0 leather armour
rPois   .          Reflect  .   (no helmet)
rElec   .          Harm     .   (no cloak)
rCorr   .          Rampage  .   i - +0 pair of gloves
Will    .....                   (no boots)
Stlth   ++........              (no amulet)
HPRegen 0.08/turn               f - +4 ring of evasion
MPRegen 0.11/turn               (no ring)

@: no status effects
A: high mp 1, forlorn
a: no special abilities


You were on level 2 of the Dungeon.
You visited 1 branch of the dungeon, and saw 2 of its levels.

You collected 42 gold pieces.

Inventory:

Armour
 e - a +0 leather armour (worn)
 i - a +0 pair of gloves (worn)
Jewellery
 f - a +4 ring of evasion (left hand)
Scrolls
 d - a scroll of enchant armour {unknown}
Potions
 a - a potion of lignification {unknown}


   Skills:
 + Level 0.1 Fighting
 + Level 0.1 Armour
 + Level 2.0 Dodging
 + Level 1.7 Stealth
 + Level 2.4 Spellcasting
 + Level 0.8 Transmutations
 + Level 3.3 Earth Magic


You couldn't memorise any spells.
You knew the following spells:

 Your Spells              Type           Power      Damage    Failure   Level
a - Sandblast             Erth           32%        2d9       4%          1
b - Passwall              Tmut/Erth      9%         N/A       13%         2
c - Stone Arrow           Conj/Erth      18%        3d8       30%         3

Your spell library contained the following spells:

 Spells                   Type           Power      Damage    Failure   Level
 Petrify                  Tmut/Erth      11%        N/A       63%         4


Dungeon Overview and Level Annotations

Branches:
Dungeon (2/15)


Innate Abilities, Weirdness & Mutations

Your attributes grow dramatically as you level up.
You have an increased reservoir of magic. (+10% MP)
You shall have no god before yourself.


Message History

Okay, then.
Casting: Stone Arrow (extremely dangerous; 30% risk of failure)
Confirm with . or Enter, or press ? or * to list all spells.
The spell is extremely dangerous to cast (30% risk of failure)!
Continue anyway?
Aiming: Stone Arrow (extremely dangerous; 30% risk of failure)
Press: ? - help, Shift-Dir - straight line, f - hobgoblin
Aim: a hobgoblin (64% to hit)
You miscast Stone Arrow.
You are very lightly contaminated with residual magic.
You feel a strange surge of energy!
Ouch! That really hurt!
Casting: Stone Arrow (extremely dangerous; 30% risk of failure)
Confirm with . or Enter, or press ? or * to list all spells.
The spell is extremely dangerous to cast (30% risk of failure)!
Continue anyway? [Y]es or [N]o only, please.
The spell is extremely dangerous to cast (30% risk of failure)!
Continue anyway?
Okay, then.
There are monsters nearby!
Casting: Stone Arrow (extremely dangerous; 30% risk of failure)
Confirm with . or Enter, or press ? or * to list all spells.
The spell is extremely dangerous to cast (30% risk of failure)!
Continue anyway?
Aiming: Stone Arrow (extremely dangerous; 30% risk of failure)
Press: ? - help, Shift-Dir - straight line, f/p - hobgoblin
Aim: a hobgoblin (64% to hit)
The stone arrow misses the hobgoblin.
The stone arrow misses the goblin.
Unknown command.
The hobgoblin hits you but does no damage.
The hobgoblin completely misses you. The hobgoblin barely misses you.
The hobgoblin hits you. The hobgoblin closely misses you.
The hobgoblin hits you but does no damage.
The hobgoblin closely misses you.
The hobgoblin hits you but does no damage.
The hobgoblin hits you.
Your magical contamination has completely faded away.
The hobgoblin closely misses you. The hobgoblin misses you.
Okay, then.
Are you sure you want to abandon this character and quit the game? (Confirm with "yes".)

...####.#.# .# #.#.# .#
#. ..#.# #.######.######
#.............#
####..###.#.####.#
...g.. #.#.# ......
#.#.############
......###..†.ggg@.......
............############
#.###########


You could see 2 hobgoblins and a goblin.

Vanquished Creatures
  A worm (D:2)
  A dart slug (D:1)
  2 ball pythons (D:1)
  4 endoplasms (D:1)
  2 goblins (D:1)
  4 hobgoblins (D:1)
  4 jackals (D:1)
  3 kobolds (D:1)
  2 quokkas (D:1)
  3 bats
  3 frilled lizards
  3 rats (D:1)
32 creatures vanquished.

Notes
Turn   | Place    | Note
-------+----------+-------------------------------------------
     0 | D:1      | Atlas the Demigod Earth Elementalist began the quest for
                  | the Orb.
     0 | D:1      | Reached XP level 1. HP: 14/14 MP: 5/5
   296 | D:1      | Reached skill level 3 in Earth Magic
   454 | D:1      | Reached XP level 2. HP: 20/20 MP: 5/7
  1191 | D:1      | Reached XP level 3. HP: 26/26 MP: 6/9
  1195 | D:1      | Learned a level 2 spell: Passwall
  1199 | D:1      | Learned a level 3 spell: Stone Arrow
  1581 | D:2      | Quit the game

Illustrated notes

Levels and vault maps discovered:
D:1:      dpeg_arrival_arbitrary_a, layout_basic,
          shapermc_ecumenical_altar_hornbeckon, minivault_26
D:2:      layout_loops_ring, basic_altar, minmay_hedge_maze, minmay_between,
          uniq_robin

Skill      XL: |  1  2 |
---------------+-------+-----
Spellcasting   | 2 |  2.4
Earth Magic    | 3 |  3.3
Dodging        | 2 |  2.0
Fighting       | |  0.1
Armour         | |  0.1
Stealth        | |  1.7
Transmutations | |  0.8

Action                   || total
-------------------------++-------
Melee: Unarmed           ||    37
 Cast: Sandblast         ||    49
       Stone Arrow       ||     2
  Use: Scroll            ||     3
       Potion            ||     1
 Stab: Sleeping          ||     1
Armor: Robe              ||     1
       Leather armour    ||    29
Dodge: Dodged            ||    68

Table legend: (Time is in decaauts)
 A = Elapsed time spent in this place.
 B = Non-inter-level travel time spent in this place.
 C = Inter-level travel time spent in this place.
 D = Time resting spent in this place.
 E = Time spent auto-exploring this place.
 F = Levels seen in this place.
 G = Mean time per level.
                   A        B        C        D        E       F      G
               +--------+--------+--------+--------+--------+-----+--------+
         Total |   1591 |   1574 |     17 |     53 |   1199 |   2 |  795.5 |
       Dungeon |   1591 |   1574 |     17 |     53 |   1199 |   2 |  795.5 |
               +--------+--------+--------+--------+--------+-----+--------+

Top non-repeatable levels by time:
     D:1: 1273 daAuts
     D:2: 317 daAuts
